 Seeded DCSS version 0.28.0-43-g3370ac3207 (webtiles) character file.

Game seed: 12345678 (custom seed)

25 dudediamond6 the Cudgeller (level 2, -1/39 HPs)
             Began as a Minotaur Berserker on Mar 3, 2022.
             Was a Follower of Trog.
             Succumbed to a scorpion's poison
             ... on level 2 of the Dungeon.
             The game lasted 00:01:42 (822 turns).

dudediamond6 the Cudgeller (Minotaur Berserker)      Turns: 822, Time: 00:01:42

Health: -1/39      AC:  2    Str: 21    XL:     2   Next: 86%
Magic:  1/1        EV: 12    Int:  4    God:    Trog [*.....]
Gold:   71         SH:  0    Dex: 15    Spells: 1/1 levels left

rFire   . . .      SeeInvis .   a - +0 mace
rCold   . . .      Faith    .   (no shield)
rNeg    . . .      Spirit   .   b - +0 animal skin
rPois   .          Reflect  .   (helmet restricted)
rElec   .          Harm     .   (no cloak)
rCorr   .          Rampage  .   (no gloves)
Will    .....                   (no boots)
Stlth   ..........              (no amulet)
HPRegen 0.13/turn               c - +6 ring of dexterity
MPRegen 0.07/turn               (no ring)

@: berserking, lethally poisoned (-1 -> -10), very quick
A: horns 2, retaliatory headbutt
a: Renounce Religion, Berserk


You were on level 2 of the Dungeon.
You worshipped Trog.
Trog was aware of your devotion.
You visited 1 branch of the dungeon, and saw 2 of its levels.

You collected 71 gold pieces.

Inventory:

Hand Weapons
 a - a +0 mace (weapon)
 f - a +1 dagger of venom
Armour
 b - a +0 animal skin (worn)
Jewellery
 c - a +6 ring of dexterity (left hand)
Scrolls
 d - 2 scrolls of identify {unknown}
 h - a scroll of immolation {unknown}
 i - a scroll of enchant armour {unknown}
Potions
 e - 2 potions of curing {unknown}
 g - a potion of might {unknown}
 j - a potion of flight {unknown}


   Skills:
 - Level 3.6 Fighting
 * Level 5.0 Maces & Flails
 - Level 2.4 Armour
 - Level 2.1 Dodging


You had one spell level left.
You didn't know any spells.
Your spell library was empty.

Dungeon Overview and Level Annotations

Branches:
Dungeon (2/15)

Altars:


Innate Abilities, Weirdness & Mutations

You have a pair of horns on your head.
You reflexively headbutt those who attack you in melee.


Message History

You climb downwards.
There is a stone staircase leading up here.
Found an escape hatch in the ceiling.
You now have 71 gold pieces (gained 8).
Found 5 javelins.
There is an escape hatch in the ceiling here.
A scorpion comes into view.
A scorpion is nearby!
Found a stone staircase leading down.
The scorpion stings you.
You hit the scorpion but do no damage. The scorpion misses you.
You barely miss the scorpion. The scorpion stings you!
You are poisoned.
The scorpion poisons you! The scorpion barely misses you.
You are too injured to fight recklessly!
A red film seems to cover your vision as you go berserk!
You feel yourself moving faster!
You feel mighty!
You feel sick. The scorpion stings you.
You are lethally poisoned!
The scorpion poisons you!
You are too injured to fight recklessly!
You are too injured to fight recklessly!
You are too injured to fight recklessly!
You are too injured to fight recklessly!
You are too injured to fight recklessly!
You are too injured to fight recklessly!
You are too injured to fight recklessly!
You hit the scorpion.
The scorpion is lightly wounded.
* * * LOW HITPOINT WARNING * * *
You feel sick. The scorpion misses you.
You thump the scorpion!
The scorpion is almost dead.
* * * LOW HITPOINT WARNING * * *
You feel sick. The scorpion stings you!
* * * LOW HITPOINT WARNING * * *
You hit the scorpion.
You kill the scorpion!
Trog accepts your kill.
You die...

####.......#
........(..##
#.........#
#........<########
#.###.#.....#...<### #.
#.#...#.#.......
#####.###.#####.#..####.
...>..........#.........
##....@..###.####..####
#...†.#####.##.....#
#.....#............#
#.....#.####.#.###.#
#####.. ####.#####.# #.#
#....#.....# ###
#.####.##### #.#....#
#.###.##


There were no monsters in sight!

Vanquished Creatures
  A scorpion (D:2)
  2 dart slugs (D:1)
  2 giant cockroaches (D:1)
  2 goblins (D:1)
  4 hobgoblins (D:1)
  3 kobolds (D:1)
  A quokka (D:1)
  A ball python (D:1)
  3 bats (D:1)
  A rat (D:1)
  2 toadstools (D:1)
22 creatures vanquished.

Vanquished Creatures (others)
  2 toadstools (D:1)
2 creatures vanquished.

Grand Total: 24 creatures vanquished

Notes
Turn   | Place    | Note
-------+----------+-------------------------------------------
     0 | D:1      | dudediamond6 the Minotaur Berserker began the quest for the
                  | Orb.
     0 | D:1      | Reached XP level 1. HP: 19/19 MP: 0/0
   131 | D:1      | Reached skill level 4 in Maces & Flails
   145 | D:1      | Reached XP level 2. HP: 20/26 MP: 1/1
   297 | D:1      | Found a faded altar of an unknown god.
   539 | D:1      | Reached skill level 5 in Maces & Flails
   813 | D:2      | Noticed a scorpion
   821 | D:2      | HP: 1/39 [scorpion (8)]
   822 | D:2      | Killed a scorpion
   822 | D:2      | Succumbed to a scorpion's poison

Illustrated notes

Levels and vault maps discovered:
D:1:      ldierk_water_garden, layout_rooms, hellmonk_ecumenical_altar_lost_god,
          minmay_misc_feat_roman
D:2:      layout_basic, uniq_robin

Skill      XL: |  1  2 |
---------------+-------+-----
Maces & Flails | 4 5 |  5.0
Fighting       | |  3.6
Armour         | |  2.4
Dodging        | |  2.1

Action                   || total
-------------------------++-------
Melee: Mace              ||    48
       Headbutt          ||     7
       Punch             ||     1
Invok: Berserk           ||     2
Armor: Animal skin       ||    12
Dodge: Dodged            ||    41
